 Dungeon Crawl Stone Soup version 0.21-a0-171-g0f4a3b6 (webtiles) character file.

1026 Lunath the Cleaver (level 8, -10/64 HPs)
             Began as a Hill Orc Berserker on Aug 7, 2017.
             Was a Priest of Trog.
             Splashed by Ijyb's acid (12 damage)
             ... on level 5 of the Dungeon.
             The game lasted 00:08:35 (3594 turns).

Lunath the Cleaver (Hill Orc Berserker)             Turns: 3594, Time: 00:08:35

Health: -10/64     AC:  1    Str: 20    XL:     8   Next: 23%
Magic:  8/8        EV: 10    Int:  7    God:    Trog [***...]
Gold:   259        SH:  0    Dex: 12    Spells: 7/7 levels left

rFire    . . .     SeeInvis .   z - +0 war axe
rCold    . . .     Gourm    .   (no shield)
rNeg     + . .     Faith    .   j - +0 scale mail
rPois    .         Spirit   .   f - +0 helmet
rElec    .         Reflect  .   g - +0 cloak
rCorr    .         Harm     .   (no gloves)
MR       ++...                  v - +0 pair of boots
Stlth    ..........             q - amulet of regeneration
HPRegen  1.60/turn              l - ring of positive energy
MPRegen  0.11/turn              (no ring)

@: corroded, regenerating
A: no striking features
a: Berserk, Trog's Hand, Burn Spellbooks, Renounce Religion


You were on level 5 of the Dungeon.
You worshipped Trog.
Trog was most pleased with you.
You were not hungry.

You visited 1 branch of the dungeon, and saw 5 of its levels.

You collected 259 gold pieces.

Inventory:

Hand Weapons
 z - a +0 war axe (weapon)
Armour
 f - a +0 helmet (worn)
 g - a +0 cloak (worn)
 j - a +0 scale mail (worn)
 v - a +0 pair of boots (worn)
Jewellery
 l - a ring of positive energy (left hand)
 q - an amulet of regeneration (around neck)
Wands
 n - a wand of iceblast (15/15)
 w - a wand of lightning (7/15)
 x - a wand of lightning (8/15)
Scrolls
 b - a scroll of fear
 e - 2 scrolls of recharging
 y - a scroll of identify
Potions
 a - a potion of haste {unknown}
 d - a potion of invisibility
 h - a potion of heal wounds
 i - 2 potions of curing {unknown}
 k - 3 potions of flight
 m - a potion of brilliance {unknown}
 p - 2 potions of cancellation {unknown}
 s - a potion of agility
 t - 2 potions of degeneration {unknown}
 u - a potion of resistance {unknown}
Comestibles
 c - 4 bread rations
 o - 2 royal jellies
 r - 12 chunks of flesh


   Skills:
 - Level 3.6 Fighting
 + Level 12.4 Axes
 - Level 2.1 Armour
 - Level 1.5 Dodging


You had 7 spell levels left.
You didn't know any spells.

Dungeon Overview and Level Annotations

Branches:
Dungeon (5/15)
 Temple: D:4-7

Altars:
Gozag

Annotations:
D:5 Ijyb


Message History

Ijyb shouts!
A quokka comes into view.
Ijyb hits you but does no damage.
You barely miss Ijyb.
Ijyb drinks a potion.
Ijyb suddenly seems more agile.
You closely miss Ijyb.
Ijyb zaps a wand.
The bolt of acid hits you! The acid corrodes you!
You are splashed with acid!
The acid burns!
It is a wand of acid (?/15).
You closely miss Ijyb. Ijyb hits you.
You hit Ijyb.
Ijyb is moderately wounded.
Ijyb zaps a wand.
The bolt of acid hits you!
You are splashed with acid!
The acid burns!
* * * LOW HITPOINT WARNING * * *
You are too injured to fight recklessly!
Your skin crawls.
You feel resistant to hostile enchantments.
You feel somewhat more hungry.
Ijyb zaps a wand.
The bolt of acid hits you!
* * * LOW HITPOINT WARNING * * *
The acid corrodes you!
You are splashed with acid!
The acid burns!
You die...

#......# #. #......# .
#......# . +......# #.
#.....[######
#..#.##...........######
..............###.#.....
.....#r......<....#.####
......g@...##.#####.#
....##.###.##.......# ##
. #. #.##....######. ##
#<##....# #.. ####....#
#.. #....#####..
............. #######
#..####.####..
#...).######. #.#.....


You could see Ijyb and a quokka.

Vanquished Creatures
  Grinder (D:4)
  Sigmund (D:2)
  Edmund (D:5)
  A centaur (D:4)
  A howler monkey (D:5)
  A jelly (D:5)
  A crimson imp (D:5)
  Crazy Yiuf (D:2)
  2 hounds
  An iguana (D:5)
  2 orc wizards (D:4)
  A hound skeleton (D:4)
  A howler monkey zombie (D:5)
  8 adders
  An ooze (D:2)
  5 worms
  A dart slug (D:1)
  3 leopard geckos
  4 orcs
  2 ball pythons
  5 bats
  A giant cockroach (D:1)
  11 goblins
  8 hobgoblins
  11 jackals
  4 frilled lizards
  A jackal skeleton (D:4)
  11 kobolds
  A leopard gecko zombie (D:5)
  5 rats
97 creatures vanquished.

Notes
Turn   | Place    | Note
-------+----------+-------------------------------------------
     0 | D:1      | Lunath the Hill Orc Berserker began the quest for the Orb.
     0 | D:1      | Reached XP level 1. HP: 19/19 MP: 1/1
   129 | D:1      | Reached XP level 2. HP: 21/26 MP: 2/2
   265 | D:1      | Reached skill level 5 in Axes
   395 | D:1      | Reached XP level 3. HP: 29/31 MP: 3/3
   404 | D:1      | Reached ** piety under Trog
   995 | D:1      | Reached skill level 6 in Axes
  1197 | D:2      | Noticed Sigmund
  1216 | D:2      | Killed Sigmund
  1216 | D:2      | Reached skill level 8 in Axes
  1216 | D:2      | Reached XP level 4. HP: 39/39 MP: 4/4
  1216 | D:2      | Reached XP level 5. HP: 45/45 MP: 5/5
  1351 | D:2      | Found a runed door.
  1407 | D:2      | Reached XP level 6. HP: 50/51 MP: 6/6
  1905 | D:2      | Reached skill level 9 in Axes
  1949 | D:2      | Reached *** piety under Trog
  2048 | D:2      | Noticed Crazy Yiuf
  2054 | D:2      | Killed Crazy Yiuf
  2683 | D:4      | Noticed Grinder
  2685 | D:4      | Paralysed by Grinder for 4 turns
  2700 | D:4      | Killed Grinder
  2700 | D:4      | Reached skill level 10 in Axes
  2700 | D:4      | Reached XP level 7. HP: 57/57 MP: 7/7
  2760 | D:4      | Reached skill level 11 in Axes
  3324 | D:5      | Entered Level 5 of the Dungeon
  3324 | D:5      | Noticed Edmund
  3355 | D:5      | Killed Edmund
  3355 | D:5      | Reached XP level 8. HP: 30/64 MP: 8/8
  3446 | D:5      | Found an opulent altar of Gozag.
  3468 | D:5      | Reached skill level 12 in Axes
  3586 | D:5      | Noticed Ijyb
  3594 | D:5      | HP: 2/64 [Ijyb/wand of acid (?/15) (15)]
  3594 | D:5      | Splashed by Ijyb's acid

Vault maps used:
D:1:      saegor_arrival_under_anarchy, roderic_serpentine_path,
          minmay_misc_feat_rows
D:2:      uniq_sigmund, uniq_crazy_yiuf_cottage
D:4:      uniq_grinder
D:5:      gammafunk_wand_slinger, first_bread, basic_altar, serial_bayou_pond_c,
          grunt_gozag_breadcrumbs, uniq_edmund, uniq_ijyb

Skill      XL: |  1  2  3  4  5  6  7  8 |
---------------+-------------------------+-----
Axes           | 5 8 10 11 12 | 12.4
Fighting       | |  3.6
Armour         | |  2.1
Dodging        | |  1.5

Action                   |  1- 3 |  4- 6 |  7- 9 || total
-------------------------+-------+-------+-------++-------
Melee: Hand axe          |   115 |   186 |    84 ||   385
       War axe           |       |       |    18 ||    18
Invok: Trog's Hand       |     1 |     3 |     2 ||     6
       Berserk           |     1 |     3 |     1 ||     5
  Use: Scroll            |       |     5 |     3 ||     8
       Potion            |       |       |     1 ||     1
  Eat: Chunk             |     1 |     9 |     5 ||    15
Armor: Animal skin       |    15 |       |       ||    15
       Scale mail        |    27 |    67 |    38 ||   132
Dodge: Dodged            |    75 |    65 |    33 ||   173
